 Dungeon Crawl Stone Soup version 0.32-a0-643-ga006e7742e (webtiles) character file.

Game seed: 15750207198635975508

7182 ytrimaz the Fetichist (level 11, -2/135 HPs)
             Began as a Coglin Artificer on Mar 8, 2024.
             Was a Follower of Sif Muna.
             Slain by a vampire mosquito (8 damage)
             ... on level 11 of the Dungeon.
             The game lasted 00:14:51 (10241 turns).

ytrimaz the Fetichist (Coglin Artificer)           Turns: 10241, Time: 00:14:52

Health: -2/135     AC:  9    Str: 12    XL:     11   Next: 11%
Magic:  11/11      EV:  2    Int: 15    God:    Sif Muna [*.....]
Gold:   416        SH:  0    Dex: 15    Spells: 10/10 levels left

rFire   + . .        t - +1 dagger (venom) {Ashmeen}
rCold   + . .        H - +3 dagger (distort) {Gisele}
rNeg    . . .        s - melded +2 ring mail {rPois}
rPois   +            o - melded +1 helmet
rElec   +            G - melded +0 cloak
rCorr   +            l - melded +0 pair of gloves
SInv    .            g - melded +1 pair of boots
Will    .....        (no amulet)
Stlth   ++           (no ring)
HPRegen 0.42/turn    (no ring)
MPRegen 0.12/turn    (no gizmo)

%: no passive effects
@: tree-form, resistant, corroded, studying Evocations, invisible, revved
A: stationary, stasis, torment immunity, boosted hp, off-hand wielding, slow
wielding, warmup strikes, (no jewellery)
a: Invent Gizmo, Renounce Religion, Channel Magic


You were on level 11 of the Dungeon.
You worshipped Sif Muna.
Sif Muna was aware of your devotion.
You were a tree.
You visited 2 branches of the dungeon, and saw 12 of its levels.

You collected 548 gold pieces.
You spent 132 gold pieces at shops.


Innate Abilities, Weirdness & Mutations

You are a tree.
Your roots penetrate the ground, keeping you stationary.
You cannot be teleported.
You are immune to unholy pain and torment.
Your maximum health is greatly increased.
Your equipment is partially melded.
You can wield a second weapon in your off-hand.
It takes a long time for you to wield or remove held weapons.
Your first few attacks do less damage.
((You cannot equip rings or amulets.))


   Skills:
 + Level 9.6 Fighting
 + Level 8.7 Armour
 - Level 0.8 Dodging
 - Level 0.7 Stealth
 + Level 17.1 Evocations


You had 10 spell levels left.
You didn't know any spells.
Your spell library contained the following spells:

 Spells                   Type           Power      Damage    Failure   Level
 Magic Dart               Conj           0%         1d3       26%         1
 Sandblast                Erth           0%         2d4       26%         1
 Searing Ray              Conj           0%         2d4       38%         2
 Passwall                 Erth           0%         N/A       63%         3
 Stone Arrow              Conj/Erth      0%         3d7       63%         3
 Brom's Barrelling Bould  Conj/Erth      0%         2d3       95%         4
 Fulminant Prism          Conj/Alch      0%         3d5       95%         4
 Vhi's Electric Charge    Tloc/Air       0%         N/A       95%         4
 Arcjolt                  Conj/Air       0%         1d10      100%        5
 Maxwell's Capacitive Co  Air            0%         ∞         100%        8

Inventory:

Hand Weapons
 e - a +4 short sword {Ilshubani}
   (You took it off Duvessa on level 7 of the Dungeon)
 t - a +1 dagger of venom (weapon) {Ashmeen}
   (You found it on level 3 of the Dungeon)
 B - a +3 heavy war axe {Masataka}
   (You found it on level 7 of the Dungeon)
 H - a +3 dagger of distortion (offhand) {Gisele}
   (You took it off Psyche on level 8 of the Dungeon)
 M - a +2 short sword of draining
   (You took it off a kobold on level 10 of the Dungeon)
Armour
 g - a +1 pair of boots (melded)
   (You found it on level 1 of the Dungeon)
 l - a +0 pair of gloves (melded)
   (You found it on level 2 of the Dungeon)
 n - a +4 ring mail
   (You found it on level 1 of the Dungeon)
 o - a +1 helmet (melded)
   (You found it on level 5 of the Dungeon)
 s - a +2 ring mail of poison resistance (melded)
   (You took it off Duvessa on level 7 of the Dungeon)
 E - +0 acid dragon scales
   (You took it off Maggie on level 7 of the Dungeon)
 G - a +0 cloak (melded)
   (You found it on level 8 of the Dungeon)
Wands
 c - a wand of flame (46)
 d - a wand of charming (8)
 q - a wand of warping (6)
   (You found it on level 3 of the Dungeon)
 A - a wand of light (1)
   (You found it on level 7 of the Dungeon)
 K - a wand of paralysis (6) (quivered)
   (You took it off a wight on level 9 of the Dungeon)
Scrolls
 b - 4 scrolls of enchant weapon
 h - 2 scrolls of fear
 p - 2 scrolls of identify
 r - a scroll of immolation
 v - a scroll of torment
 y - 2 scrolls of poison
 C - a scroll of silence
 I - a scroll of teleportation
 J - a scroll of enchant armour
 L - a scroll of butterflies
 N - a scroll of amnesia
Potions
 a - 2 potions of enlightenment
 f - 2 potions of brilliance
 i - 3 potions of magic
 w - a potion of mutation
 x - 5 potions of curing
 D - a potion of attraction

Dungeon Overview and Level Annotations

Branches:
Dungeon (11/15) Zot: 26910  Temple (1/1) D:5 Zot: 5981    Lair (0/5) D:8
    Orc: D:9-12

Altars:
Ashenzari
Cheibriados
Dithmenos
Elyvilon
Fedhas
Gozag
Hepliaklqana
Kikubaaqudgha
Makhleb
Nemelex Xobeh
Okawaru
Qazlal
Ru
Sif Muna
Trog
Uskayaw
Vehumet
Wu Jian
Xom
Yredelemnul
Zin
The Shining One

Shops:
D:5

! ...............
###............# ..
#............ ..
#..........# #. #
..........# ..###.. ##
##........## .#.....
.####........§§# .......
.$...........§§##§§.....
#..........y.§yy♣§§.....
#......=.....§§##§§.....
#..............# §§.....
..............## §......
#.....!.......# #......
.......####.O..# #.....
...##### #..#... #####
.. ##>..##. .#..


You could see 2 vampire mosquitoes.


Message History

* * * LOW HITPOINT WARNING * * *
The vampire mosquito draws strength from your injuries!
The vampire mosquito closely misses you.
The vampire mosquito bites you!
* * * LOW HITPOINT WARNING * * *
The vampire mosquito draws strength from your injuries!
The vampire mosquito bites you!
* * * LOW HITPOINT WARNING * * *
The vampire mosquito draws strength from your injuries! 😱 HP[-27]
You take 27 damage, and now have 10/90 hp.
MASSIVE DAMAGE!! (PAUSE) Unknown command.
Unknown command.
Blink to where?
Press: ? - help, Dir - move target, p - two-headed ogre
As you read the scroll of blinking, it crumbles to dust.
Unknown command.
As you read the scroll of fog, it dissolves into smoke. 😱 HP[+1] Unknown command.
Okay, then.
Unknown command.
You feel better. 😱 HP[+11]
You regained 11 hp, and now have 22/90 hp.
Unknown command.
You turn into a tree.
Your +0 cloak melds into your body.
Your +1 helmet melds into your body.
Your +0 pair of gloves melds into your body.
Your +1 pair of boots melds into your body.
Your +2 ring mail of poison resistance melds into your body.
You no longer feel resistant to poison.
Your roots penetrate the ground.
The vampire mosquito bites you but does no damage. x2 😨 HP[+12]
You now have 135 max hp (+45).
You regained 12 hp, and now have 34/135 hp.
Unknown command.
You barely miss the vampire mosquito with your +1 dagger of venom.
You miss the vampire mosquito with your +3 dagger of distortion.
The vampire mosquito bites you but does no damage. 😨 HP[+1]
You miss the vampire mosquito with your +3 dagger of distortion.
You hit the vampire mosquito but do no damage.
The vampire mosquito bites you but does no damage.
The vampire mosquito bites you.
* * * LOW HITPOINT WARNING * * *
The vampire mosquito draws strength from your injuries!
You hit the vampire mosquito but do no damage.
You barely miss the vampire mosquito with your +1 dagger of venom.
The vampire mosquito bites you but does no damage. x2 😱 HP[-4]
You take 4 damage, and now have 31/135 hp.
You hit the vampire mosquito but do no damage.
Space warps horribly around the vampire mosquito!!
You hit the vampire mosquito but do no damage.
The vampire mosquito bites you.
* * * LOW HITPOINT WARNING * * *
The vampire mosquito draws strength from your injuries!
The vampire mosquito bites you.
* * * LOW HITPOINT WARNING * * *
The vampire mosquito draws strength from your injuries!
Unknown command. 😱 HP[-3]
You take 3 damage, and now have 28/135 hp.
You closely miss the vampire mosquito with your +1 dagger of venom.
You closely miss the vampire mosquito with your +3 dagger of distortion.
The vampire mosquito bites you.
* * * LOW HITPOINT WARNING * * *
The vampire mosquito draws strength from your injuries!
The vampire mosquito bites you!
* * * LOW HITPOINT WARNING * * *
The vampire mosquito draws strength from your injuries!
You closely miss the vampire mosquito with your +3 dagger of distortion.
You hit the vampire mosquito but do no damage.
The vampire mosquito bites you but does no damage.
The vampire mosquito bites you!
* * * LOW HITPOINT WARNING * * *
The vampire mosquito draws strength from your injuries! 😱 HP[-17]
You take 17 damage, and now have 11/135 hp.
Unknown command.
You miss the vampire mosquito with your +3 dagger of distortion.
You closely miss the vampire mosquito with your +1 dagger of venom.
The vampire mosquito barely misses you.
The vampire mosquito bites you but does no damage.
Unknown command.
You fade into invisibility!
The vampire mosquito bites you but does no damage.
A vampire mosquito comes into view.
The vampire mosquito bites you but does no damage.
The vampire mosquito moves out of view.
Unknown command.
Unknown command.
You feel protected. The vampire mosquito bites you.
* * * LOW HITPOINT WARNING * * *
The vampire mosquito draws strength from your injuries!
The vampire mosquito bites you!
You die...

Skill      XL: |  1  2  3  4  5  6  7  8  9 10 11 |
---------------+----------------------------------+-----
Armour         | 2 3 4 5 7 8 |  8.7
Fighting       | 2 3 4 5 6 7 9 |  9.6
Evocations     | 5 6 7 9 14 16 17 | 17.1
Dodging        | |  0.8
Stealth        | |  0.7

Action                     |  1- 3 |  4- 6 |  7- 9 | 10-12 || total
---------------------------+-------+-------+-------+-------++-------
  Melee: Dagger            |   116 |   131 |   211 |   363 ||   821
         Club              |   116 |    57 |       |       ||   173
         Short sword       |       |    76 |   196 |    16 ||   288
         War axe           |       |       |    23 |       ||    23
  Evoke: Wand              |     1 |     8 |    30 |    22 ||    61
    Use: Scroll            |     7 |     4 |    11 |     4 ||    26
         Potion            |       |       |     1 |     5 ||     6
   Stab: Paralysed         |       |       |       |     5 ||     5
 Armour: Leather armour    |    48 |       |       |       ||    48
         Ring mail         |    43 |   131 |   238 |   244 ||   656
         Skin              |       |       |       |    18 ||    18
  Dodge: Dodged            |    82 |    85 |   170 |   136 ||   473

Levels and vault maps discovered:
D:1:      onia_arrival_mini_maze, layout_loops_ring
D:2:      layout_basic, dreamdust_wishing_well, nrook_mini_vaults
D:3:      layout_rooms, nemelex_diamond_rough_becter,
          mainiacjoe_overflow_tiny_flanked, hellmonk_ecumenical_altar_blasted,
          eino_tiny_chamber, palyth_stone_intersect, nicolae_titane,
          uniq_natasha
D:4:      layout_cave_pools, nicolae_qazlal_eye_of_the_storm,
          fedhas_ov_isle_minmay, nicolae_twisty_statue_hallways
D:5:      layout_cave_pods, ashenzari_altar_1, minmay_temple_entry_mist,
          serial_shops, nicolae_shop_industrial_runoff,
          hangedman_abyss_or_decor_lesser_grid
D:6:      layout_loops_cross, slow_altar_1, dreamdust_gnoll_farm
D:7:      layout_basic, worldfamousw_hep_ancestral_shrine,
          nicolae_elyvilon_peaceful_grove, minmay_misc_feat_secret_circle,
          uniq_menkaure, uniq_duvessa, uniq_maggie
D:8:      layout_basic, led_sif_pool, kennysheep_little_box,
          erik_lair_orcish_takeover, amcnicky_mini_corridor_feature, uniq_psyche
D:9:      layout_cave_pools, lemuel_mausoleum_altar_kikubaaqudgha,
          serial_column_ruins, column_ruins_hut, column_ruins_hut_pillars,
          column_ruins_corridor_corner, column_ruins_grid_3,
          column_ruins_grid_3, column_ruins_open_small, column_ruins_open_small
D:10:     layout_roguey, trog_hazing_becter, tso_metal_star
D:11:     layout_rooms, orc_0_dummy
Temple:   kb_temple_of_zot

Notes
Turn   | Place    | Note
-------+----------+-------------------------------------------
     0 | D:1      | ytrimaz the Coglin Artificer began the quest for the Orb.
     0 | D:1      | Reached XP level 1. HP: 15/15 MP: 1/1
     0 | D:1      | magus.rc [v1.9.6]
   100 | D:1      | Reached skill level 2 in Armour
   103 | D:1      | Reached XP level 2. HP: 21/21 MP: 2/2
   392 | D:1      | Reached XP level 3. HP: 24/27 MP: 3/3
   651 | D:1      | Reached skill level 2 in Fighting
  1202 | D:2      | Reached XP level 4. HP: 27/34 MP: 4/4
  1292 | D:2      | Reached skill level 5 in Evocations
  1798 | D:3      | Found a sparkling altar of Nemelex Xobeh.
  1829 | D:3      | Found a faded altar of an unknown god.
  1852 | D:3      | Noticed Natasha
  1860 | D:3      | Killed Natasha
  1861 | D:3      | Reached XP level 5. HP: 28/40 MP: 5/5
  2021 | D:3      | Noticed Natasha
  2029 | D:3      | Killed Natasha
  2030 | D:3      | Reached skill level 3 in Fighting
  2030 | D:3      | Reached skill level 3 in Armour
  2232 | D:3      | Found a hide-covered altar of Uskayaw.
  2376 | D:4      | Found a blossoming altar of Fedhas.
  2434 | D:4      | Reached XP level 6. HP: 42/47 MP: 6/6
  2473 | D:4      | Reached skill level 6 in Evocations
  2621 | D:4      | You pick up a book of Conjurations and begin reading...
  2621 | D:4      | You add the spells Magic Dart, Searing Ray and Fulminant
                  | Prism to your library.
  2946 | D:4      | Found a stormy altar of Qazlal.
  3020 | D:5      | Entered Level 5 of the Dungeon
  3027 | D:5      | Noticed a water moccasin
  3045 | D:5      | Killed a water moccasin
  3046 | D:5      | Reached skill level 4 in Fighting
  3190 | D:5      | Found Maihoen's Distillery.
  3198 | D:5      | Bought a potion of mutation for 88 gold pieces
  3198 | D:5      | Bought a potion of curing for 33 gold pieces
  3198 | D:5      | Bought a potion of degeneration for 11 gold pieces
  3215 | D:5      | Reached skill level 4 in Armour
  3215 | D:5      | Reached XP level 7. HP: 41/54 MP: 7/7
  3267 | D:5      | Found a broken altar of Ashenzari.
  3288 | D:5      | Found a staircase to the Ecumenical Temple.
  3304 | D:5      | Reached skill level 7 in Evocations
  3494 | D:5      | Reached skill level 5 in Fighting
  3677 | D:5      | Reached XP level 8. HP: 59/62 MP: 8/8
  4152 | Temple   | Entered the Ecumenical Temple
  4275 | D:6      | Reached skill level 5 in Armour
  4275 | D:6      | Reached skill level 8 in Evocations
  5053 | D:6      | You pick up a book of Geomancy and begin reading...
  5053 | D:6      | You add the spells Sandblast, Passwall, Stone Arrow and
                  | Brom's Barrelling Boulder to your library.
  5163 | D:6      | Found a snail-covered altar of Cheibriados.
  5173 | D:6      | Reached skill level 6 in Fighting
  5261 | D:6      | Reached skill level 9 in Evocations
  5429 | D:7      | Identified a scroll of acquirement
  5432 | D:7      | Acquired a manual of Evocations
  5588 | D:7      | Reached XP level 9. HP: 31/71 MP: 9/9
  5591 | D:7      | Reached skill level 6 in Armour
  5591 | D:7      | Reached skill level 10 in Evocations
  5726 | D:7      | Noticed Menkaure
  5730 | D:7      | Noticed Dowan
  5732 | D:7      | Noticed Duvessa
  5734 | D:7      | Killed Menkaure
  5738 | D:7      | Killed Duvessa
  5740 | D:7      | Killed Dowan
  5741 | D:7      | Reached skill level 11 in Evocations
  5854 | D:7      | Found a white marble altar of Elyvilon.
  5987 | D:7      | Noticed Maggie
  6007 | D:7      | Killed Maggie
  6126 | D:7      | You add the spells Vhi's Electric Charge, Arcjolt and
                  | Maxwell's Capacitive Coupling to your library.
  6185 | D:7      | Reached skill level 7 in Fighting
  6185 | D:7      | Reached skill level 12 in Evocations
  6517 | D:7      | Found a hazy altar of Hepliaklqana.
  6759 | D:8      | Found a staircase to the Lair.
  6791 | D:8      | Reached skill level 13 in Evocations
  7013 | D:8      | Reached skill level 7 in Armour
  7013 | D:8      | Reached skill level 14 in Evocations
  7147 | D:8      | Noticed Psyche
  7157 | D:8      | Killed Psyche
  7158 | D:8      | Reached XP level 10. HP: 49/80 MP: 10/10
  7505 | D:8      | Noticed a two-headed ogre
  7512 | D:8      | Killed a two-headed ogre
  7513 | D:8      | Reached skill level 8 in Fighting
  7513 | D:8      | Reached skill level 15 in Evocations
  7630 | D:8      | Found a shimmering blue altar of Sif Muna.
  7639 | D:8      | Found a radiant altar of Vehumet.
  7696 | D:8      | Became a worshipper of Sif Muna the Loreminder
  8317 | D:9      | Reached * piety under Sif Muna
  8337 | D:9      | Paralysed by a wight for 3 turns
  8494 | D:9      | Found an ancient bone altar of Kikubaaqudgha.
  8509 | D:9      | Reached skill level 8 in Armour
  8521 | D:9      | Reached skill level 16 in Evocations
  8532 | D:9      | Reached skill level 9 in Fighting
  9163 | D:10     | Entered Level 10 of the Dungeon
  9195 | D:10     | Reached XP level 11. HP: 42/89 MP: 11/11
  9404 | D:10     | Found a glowing golden altar of the Shining One.
  9906 | D:10     | Reached skill level 17 in Evocations
  9999 | D:10     | Found a bloodstained altar of Trog.
 10217 | D:11     | Noticed a two-headed ogre
 10225 | D:11     | HP: 19/90 [vampire mosquito (7)]
 10234 | D:11     | HP: 31/135 [vampire mosquito (4)]
 10238 | D:11     | HP: 11/135 [vampire mosquito (9)]
 10241 | D:11     | Slain by a vampire mosquito

Vanquished Creatures
  A two-headed ogre (D:8)
  Maggie (D:7)
  An unseen horror zombie (D:9)
  A komodo dragon (D:10)
  Psyche (D:8)
  2 unseen horror skeletons (D:9)
  A wraith (D:8)
  A shadow (D:11)
  2 steam dragons
  Menkaure (D:7)
  An acid dragon (D:11)
  A water moccasin (D:5)
  Duvessa (D:7)
  3 ice beasts
  4 orc warriors
  A black bear (D:6)
  2 wolves (D:8)
  2 ogres
  3 kobold brigands
  A bullfrog (D:6)
  A gnoll sergeant (D:9)
  3 scorpions
  3 wights (D:9)
  A burial acolyte (D:9)
  Dowan (D:7)
  5 killer bees (D:9)
  6 howler monkeys
  A centaur zombie (D:9)
  2 gnoll boudas
  6 orc priests
  2 jellies
  2 bombardier beetles
  A centaur skeleton (D:9)
  A human zombie (D:9)
  5 hounds
  An iguana (D:5)
  2 sleepcaps
  7 orc wizards
  Natasha (twice) (D:3)
  16 gnolls
  A howler monkey skeleton (D:9)
  7 adders
  3 white imps
  2 ufetubi (D:6)
  3 dart slugs
  A ribbon worm (D:5)
  25 orcs
  9 endoplasms
  4 giant cockroaches
  5 goblins
  9 hobgoblins
  6 quokkas
  8 ball pythons
  5 bats
  5 frilled lizards
  25 kobolds
  5 rats
222 creatures vanquished.

Vanquished Creatures (collateral kills)
  A troll (D:9)
  2 orc wizards (D:9)
  An adder (D:5)
  2 orcs (D:9)
6 creatures vanquished.

Vanquished Creatures (others)
  2 wights (D:9)
  A butterfly (D:7)
3 creatures vanquished.

Grand Total: 231 creatures vanquished

Table legend:
 A = Non-vault XP
 B = Vault XP
 C = Vault XP percentage of total XP
 D = Non-vault monster count
 E = Vault monster count
 F = Vault count percentage of total count
                 A         B        C        D         E       F
            +---------+---------+-------+---------+---------+-------
      Total |    6874 |    3387 |  33.0 |     198 |      41 |  17.2
            +---------+---------+-------+---------+---------+-------
        D:1 |      45 |       2 |   4.3 |      25 |       2 |   7.4
        D:2 |      82 |       0 |   0.0 |      21 |       0 |   0.0
        D:3 |      99 |      35 |  26.1 |      15 |       1 |   6.2
        D:4 |     175 |       0 |   0.0 |      17 |       0 |   0.0
        D:5 |     818 |       0 |   0.0 |      18 |       0 |   0.0
        D:6 |     682 |     179 |  20.8 |      12 |       6 |  33.3
        D:7 |     524 |     795 |  60.3 |      13 |       4 |  23.5
        D:8 |    1773 |     851 |  32.4 |      24 |      10 |  29.4
        D:9 |    1482 |    1514 |  50.5 |      29 |      12 |  29.3
       D:10 |     823 |      11 |   1.3 |      22 |       6 |  21.4
       D:11 |     371 |       0 |   0.0 |       2 |       0 |   0.0
            +---------+---------+-------+---------+---------+-------

Skill      XL: |  1  2  3  4  5  6  7  8  9 10 11 |
---------------+----------------------------------+-----
Armour         | 2 3 4 5 7 8 |  8.7
Fighting       | 2 3 4 5 6 7 9 |  9.6
Evocations     | 5 6 7 9 14 16 17 | 17.1
Dodging        | |  0.8
Stealth        | |  0.7

Action                     |  1- 3 |  4- 6 |  7- 9 | 10-12 || total
---------------------------+-------+-------+-------+-------++-------
  Melee: Dagger            |   116 |   131 |   211 |   363 ||   821
         Club              |   116 |    57 |       |       ||   173
         Short sword       |       |    76 |   196 |    16 ||   288
         War axe           |       |       |    23 |       ||    23
  Evoke: Wand              |     1 |     8 |    30 |    22 ||    61
    Use: Scroll            |     7 |     4 |    11 |     4 ||    26
         Potion            |       |       |     1 |     5 ||     6
   Stab: Paralysed         |       |       |       |     5 ||     5
 Armour: Leather armour    |    48 |       |       |       ||    48
         Ring mail         |    43 |   131 |   238 |   244 ||   656
         Skin              |       |       |       |    18 ||    18
  Dodge: Dodged            |    82 |    85 |   170 |   136 ||   473

Illustrated notes

Table legend:
 A = Kills in this place as a percentage of kills in the entire game.
 B = Kills by you in this place as a percentage of kills by you in the entire game.
 C = Kills by friends in this place as a percentage of kills by friends in the entire game.
 D = Other kills in this place as a percentage of other kills in the entire game.
 E = Experience gained in this place as a percentage of experience gained in the entire game.
 F = Experience gained in this place divided by the number of levels of this place that you have seen.
                   A       B       C       D       E      F
               +-------+-------+-------+-------+-------+----------------------
         Total | 100.0 | 100.0 | 100.0 | 100.0 | 100.0 | 855.1
       Dungeon | 100.0 | 100.0 | 100.0 | 100.0 | 100.0 | 932.8
               +-------+-------+-------+-------+-------+----------------------

Table legend: (Time is in decaauts)
 A = Elapsed time spent in this place.
 B = Non-inter-level travel time spent in this place.
 C = Inter-level travel time spent in this place.
 D = Time resting spent in this place.
 E = Time spent auto-exploring this place.
 F = Levels seen in this place.
 G = Mean time per level.
                   A        B        C        D        E       F      G
               +--------+--------+--------+--------+--------+-----+--------+
         Total |  10297 |   9971 |    326 |    428 |   7568 |  12 |  858.1 |
       Dungeon |  10279 |   9961 |    318 |    428 |   7568 |  11 |  934.5 |
        Temple |     18 |     10 |      8 |      0 |      0 |   1 |   18.0 |
               +--------+--------+--------+--------+--------+-----+--------+

Top non-repeatable levels by time:
     D:9: 1274 daAuts
     D:8: 1267 daAuts
     D:7: 1230 daAuts
     D:6: 1219 daAuts
     D:5: 1160 daAuts
    D:10: 989 daAuts
     D:1: 911 daAuts
     D:2: 833 daAuts
     D:3: 659 daAuts
     D:4: 643 daAuts
    D:11: 88 daAuts
  Temple: 18 daAuts
